AoeStats
← RexConquistadorLex

Black Forest

510257189Analyzed
4v4 RM · 11h ago on Sep 30, 2026· 42m 42s· 8 players
Game mode
Random Map
Map size
Large (8 player)
Population
200
Speed
Normal
Resources
Standard
Victory
Conquest
Starting age
Dark Age
Ending age
Imperial Age
RankedLock teamsTeams togetherTeam positionsShared explorationLock speedFull tech treeHidden civsTurbo modeCheats
Victory
Defeat
🇺🇸 Koreans · United States
1037
+18
🇮🇩 Teutons · Indonesia
1036
+18
🇱🇻 Mongols · Latvia
894
+23
🇮🇩 Britons · Indonesia
843
+25
🇺🇸 Danes · United States
1146
-24
🇩🇪 Turks · Germany
1142
-24
🇺🇸 Portuguese · United States
1031
-20
🇹🇼 Persians · Taiwan
941
-16
Armateur
0:42 Loom
14:01 Feudal Age
14:22 Man-at-Arms
16:31 Arson
16:49 Scale Mail Armor
27:53 Castle Age
26:49 Double-Bit Axe
29:20 Wheelbarrow
32:10 Imperial Age
33:12 Fletching
34:48 Artillery
42:19 Bodkin Arrow
uri.nimrod
0:32 Loom
11:27 Feudal Age
16:08 Castle Age
15:44 Double-Bit Axe
RexConquistadorLex
4:17 Loom
10:54 Feudal Age
16:55 Castle Age
15:25 Double-Bit Axe
17:41 Horse Collar
21:09 Fervor
26:29 Gold Mining
27:21 Bow Saw
27:25 Heavy Plow
27:24 Stone Mining
27:38 Fletching
28:37 Murder Holes
29:06 Ballistics
33:08 Imperial Age
31:14 Masonry
32:40 Stone Shaft Mining
31:57 Town Watch
32:58 Gold Shaft Mining
33:24 Wheelbarrow
33:15 Capped Ram
34:26 Conscription
35:39 Chemistry
34:58 Squires
36:30 Hoardings
35:55 Heavy Scorpion
37:10 Northmen's Fury
38:59 Siege Engineers
39:22 Hand Cart
39:23 Onager
40:37 Elite Jomsviking
42:02 Siege Onager
心死就在一瞬間
4:47 Loom
11:08 Feudal Age
17:03 Castle Age
17:10 Man-at-Arms
17:59 Scale Mail Armor
17:55 Double-Bit Axe
17:47 Long Swordsman
20:31 Chain Mail Armor
30:54 Scale Barding Armor
31:00 Forging
34:58 Husbandry
36:46 Gold Mining
36:49 Stone Mining
37:23 Chain Barding Armor
37:39 Iron Casting
37:46 Kamandaran
38:05 Elite Skirmisher
41:13 Iron Casting
40:53 Bloodlines
42:38 Thumb Ring
RecedingWoodLine
1:52 Loom
12:48 Feudal Age
17:14 Castle Age
15:28 Double-Bit Axe
16:58 Horse Collar
28:06 Wheelbarrow
32:33 Imperial Age
30:15 Fletching
30:55 Ballistics
30:03 Crossbowman
30:57 Pikeman
31:49 Forging
31:40 Scale Mail Armor
31:46 Squires
33:27 Iron Casting
33:09 Bodkin Arrow
33:32 Chain Mail Armor
34:26 Chemistry
33:55 Conscription
35:43 Siege Engineers
35:59 Halberdier
38:44 Plate Mail Armor
38:37 Eupseong
38:25 Arrowslits
38:49 Bracer
41:44 Arson
43:05 Hand Cart
c190
0:28 Loom
12:10 Feudal Age
12:46 Double-Bit Axe
18:29 Castle Age
17:16 Stone Mining
18:31 Padded Archer Armor
20:39 Horse Collar
24:53 Fletching
25:45 Bow Saw
32:47 Imperial Age
31:29 Caravan
32:57 Wheelbarrow
32:50 Heavy Plow
33:25 Leather Archer Armor
33:12 Bodkin Arrow
34:46 Drill
35:00 Ballistics
35:15 Elite Mangudai
37:23 Bracer
mAjiCode
0:47 Loom
10:25 Feudal Age
13:29 Double-Bit Axe
14:45 Stone Mining
17:56 Horse Collar
32:10 Castle Age
30:55 Scale Mail Armor
31:06 Forging
32:15 Pikeman
32:57 Squires
33:26 Fletching
35:47 Wheelbarrow
41:01 Chain Mail Armor
41:21 Iron Casting
Picnic
11:30 Feudal Age
12:42 Double-Bit Axe
13:25 Gold Mining
18:16 Fletching
22:48 Castle Age
23:13 Padded Archer Armor
24:10 Crossbowman
25:32 Bodkin Arrow
27:49 Bow Saw
28:18 Gold Shaft Mining
27:36 Stone Mining
29:39 Leather Archer Armor
30:26 Ballistics
37:00 Imperial Age
36:04 Wheelbarrow
39:10 Bracer
39:07 Elite Longbowman
40:57 Yeomen
40:39 Warwolf
41:00 Conscription
40:20 Arbalester
42:08 Hand Cart
Connection lost

Rejoining the realm…

Still unreachable

The connection could not be restored.

Session expired

The server has moved on; the page needs a fresh start.